Atlantic City Gamblers vs Philadelphia Phantoms
Created - Thursday, March 30, 2023 at 07:11
Goals
|
| Atlantic City Gamblers |
1 |
1 |
1 |
0 |
2 |
3 |
| Philadelphia Phantoms |
2 |
1 |
0 |
0 |
3 |
4 |
|
Shots
|
| Atlantic City Gamblers |
8 |
10 |
8 |
0 |
10 |
26 |
| Philadelphia Phantoms |
11 |
9 |
11 |
0 |
10 |
31 |
|
1st period
1. Atlantic City Gamblers , Alex Beaucage 4 (Egor Sokolov 4, Jakub Lauko 4) at 2:48
2. Philadelphia Phantoms , Jaret Anderson-Dolan 6 (Nathan Bastian 13) at 6:34
3. Philadelphia Phantoms , Nick Cousins 12 (Blake Lizotte 14, Tyson Foerster 5) at 15:49
Penalties :
Brad Hunt (PHI) for Fighting (Major) at 4:59, Boris Katchouk (ACG) for Fighting (Major) at 4:59, Brett Murray (PHI) for Roughing (Minor) at 7:02, Michael Vukojevic (ACG) for Slashing (Minor) at 9:48
2nd period
4. Atlantic City Gamblers , Cody Glass 10 (Nils Hoglander 10, Luke Kunin 13) at 5:02 (PP)
5. Philadelphia Phantoms , Nathan Bastian 10 (Blake Lizotte 15, Nick Cousins 10) at 14:46 (PP)
Penalties :
Mason Shaw (PHI) for Tripping (Minor) at 3:41, Boris Katchouk (ACG) for Tripping (Minor) at 5:34, Boris Katchouk (ACG) for Hooking (Minor) at 14:29
3rd period
6. Atlantic City Gamblers , Jean-Luc Foudy 3 (Boris Katchouk 5, Yegor Chinakhov 9) at 10:32
Penalties :
No Penalty
Overtime #1
No Goal
Penalties :
No Penalty
Shootout
Atlantic City Gamblers, Luke Kunin - Stopped by Connor Ingram
Philadelphia Phantoms, Nick Cousins - Stopped by Tuukka Rask
Atlantic City Gamblers, Nils Hoglander - Stopped by Connor Ingram
Philadelphia Phantoms, Jaret Anderson-Dolan - Shot Misses the Net
Atlantic City Gamblers, Cody Glass - Goal!
Philadelphia Phantoms, Tyson Foerster - Goal!
Atlantic City Gamblers, Boris Katchouk - Stopped by Connor Ingram
Philadelphia Phantoms, Erik Gustafsson - Shot Misses the Net
Atlantic City Gamblers, Yegor Chinakhov - Stopped by Connor Ingram
Philadelphia Phantoms, Mason Shaw - Stopped by Tuukka Rask
Atlantic City Gamblers, Jean-Luc Foudy - Goal!
Philadelphia Phantoms, Jacob Larsson - Goal!
Atlantic City Gamblers, Alex Beaucage - Stopped by Connor Ingram
Philadelphia Phantoms, Brad Hunt - Stopped by Tuukka Rask
Atlantic City Gamblers, Jakub Lauko - Shot Misses the Net
Philadelphia Phantoms, Blake Lizotte - Shot Misses the Net
Atlantic City Gamblers, Nick Henry - Shot Misses the Net
Philadelphia Phantoms, Nathan Bastian - Stopped by Tuukka Rask
Atlantic City Gamblers, Michael Vukojevic - Shot Misses the Net
Philadelphia Phantoms, Brandon Duhaime - Goal!
Penalties :
No Penalty
Goalie Stats
Tuukka Rask (ACG), 28 saves from 31 shots - (0.903), OTL, 3-8-2, 65:00 minutes
Connor Ingram (PHI), 23 saves from 26 shots - (0.885), W, 6-3-1, 65:00 minutes
Players Stats for Atlantic City Gamblers
Player Name G A P +/- PIM S H SB GA TA FO MP PP MP PK MP
------------------------------------------------------------------------------------
Alex Beaucage 1 0 1 1 0 2 3 0 0 1 0/0 15:38 0:13 0:00
Boris Katchouk 0 1 1 0 9 3 0 3 0 0 0/0 18:46 0:26 0:53
Callan Foote 0 0 0 -1 0 1 4 5 0 3 0/0 27:07 2:01 2:40
Cam Dineen 0 0 0 -1 0 0 0 1 0 1 0/0 19:45 1:19 1:35
Cody Glass 1 0 1 -1 0 5 0 0 1 1 0/0 21:27 1:50 1:24
Egor Sokolov 0 1 1 0 0 3 2 1 2 0 1/1 17:38 0:51 0:41
Jakub Lauko 0 1 1 1 0 2 1 0 1 0 6/7 15:56 0:00 0:42
Jean-Luc Foudy 1 0 1 0 0 2 1 1 0 1 2/11 18:39 1:30 0:00
Layton Ahac 0 0 0 0 0 0 0 0 0 0 0/0 7:21 0:00 0:00
Luke Kunin 0 1 1 0 0 1 2 0 0 1 15/37 26:28 1:50 2:32
Michael Vukojevic 0 0 0 2 2 0 0 1 0 0 0/0 10:45 0:00 0:00
Nick Henry 0 0 0 0 0 0 0 1 0 0 0/0 6:00 0:00 0:00
Nils Hoglander 0 1 1 0 0 4 1 0 2 0 1/2 26:28 1:50 2:32
Ronald Attard 0 0 0 -1 0 1 2 2 0 0 0/0 19:45 1:19 1:35
Thomas Harley 0 0 0 2 0 0 0 0 0 0 0/0 10:49 0:00 0:00
Ty Smith 0 0 0 -1 0 0 2 0 0 2 0/0 27:27 2:01 2:40
Xavier Bernard 0 0 0 0 0 0 0 0 0 0 0/0 7:21 0:00 0:00
Yegor Chinakhov 0 1 1 -1 0 2 4 0 2 1 0/3 18:35 1:30 0:00
Players Stats for Philadelphia Phantoms
Player Name G A P +/- PIM S H SB GA TA FO MP PP MP PK MP
------------------------------------------------------------------------------------
Adam Ruzicka 0 0 0 0 0 0 2 0 0 0 2/3 9:24 1:50 0:00
Alexander Holtz 0 0 0 -2 0 4 0 0 0 1 0/1 12:44 0:00 1:23
Blake Lizotte 0 2 2 1 0 4 0 0 2 0 15/22 20:49 2:21 0:11
Brad Hunt 0 0 0 1 5 5 1 0 0 0 0/0 17:43 2:16 0:32
Brandon Duhaime 0 0 0 0 0 1 2 1 1 0 0/0 9:27 0:00 1:51
Brett Murray 0 0 0 1 2 1 3 2 1 0 0/2 18:07 0:00 1:00
Carson Meyer 0 0 0 0 0 2 1 0 0 0 0/0 8:03 0:04 0:00
Casey Fitzgerald 0 0 0 1 0 0 2 1 0 0 0/0 26:37 0:00 1:50
Erik Gustafsson 0 0 0 1 0 3 1 0 2 1 0/0 29:36 2:57 0:58
Jacob Larsson 0 0 0 -2 0 1 0 0 0 2 0/0 18:28 1:59 0:00
Jaret Anderson-Dolan 1 0 1 1 0 2 3 1 1 1 14/22 20:35 1:50 0:06
Mason Shaw 0 0 0 -2 2 2 3 2 0 0 2/5 13:42 0:04 0:46
Nathan Bastian 1 1 2 1 0 3 5 0 1 0 1/1 21:13 2:21 0:00
Nick Cousins 1 1 2 1 0 2 0 1 3 0 0/1 20:24 2:21 0:00
Noah Juulsen 0 0 0 1 0 1 4 1 0 3 0/0 18:54 1:18 1:30
Otto Koivula 0 0 0 -2 0 0 3 0 0 0 2/3 13:30 0:04 1:23
Tyson Foerster 0 1 1 1 0 0 2 0 0 0 0/1 18:40 1:50 0:00
William Borgen 0 0 0 -2 0 0 1 0 0 0 0/0 18:41 0:00 1:50
3 Stars
1 - Nathan Bastian (PHI)
2 - Nick Cousins (PHI)
3 - Jaret Anderson-Dolan (PHI)
Power Play
Atlantic City Gamblers - 1 on 2 Attempt(s) - 50.00%
Philadelphia Phantoms - 1 on 3 Attempt(s) - 33.33%
Penalty Kill
Atlantic City Gamblers - 2 on 3 Attempt(s) - 66.67%
- Score 0 goal in Penalty Kill
Philadelphia Phantoms - 1 on 2 Attempt(s) - 50.00%
- Score 0 goal in Penalty Kill
Team Stat
Atlantic City Gamblers - Hits : 22 - Faceoff Wins : 25 - Blocked Shots : 15 - Penalty Minutes : 11
Philadelphia Phantoms - Hits : 33 - Faceoff Wins : 36 - Blocked Shots : 9 - Penalty Minutes : 9
Official
Referees : Gord Dwyer and Kyle Rehman
Linesman : Brian Murphy and Brandon Gawryletz
Game Notes
Boris Katchouk beats up Brad Hunt at 4:59 of 1st period
Atlantic City Gamblers
5 vs 5 Forward
Center Left Wing Right Wing Time % Phy DF OF
1 Luke Kunin Nils Hoglander Cody Glass 40 1 2 2
2 Jean-Luc Foudy Boris Katchouk Yegor Chinakhov 30 1 2 2
3 Jakub Lauko Egor Sokolov Alex Beaucage 20 1 2 2
4 Luke Kunin Nils Hoglander Nick Henry 10 1 2 2
5 vs 5 Defense
Defense Defense Time % Phy DF OF
1 Ty Smith Callan Foote 40 1 2 2
2 Ronald Attard Cam Dineen 30 1 2 2
3 Thomas Harley Michael Vukojevic 20 1 2 2
4 Xavier Bernard Layton Ahac 10 1 2 2
PowerPlay Forward
Center Left Wing Right Wing Time % Phy DF OF
1 Luke Kunin Nils Hoglander Cody Glass 60 1 2 2
2 Jean-Luc Foudy Boris Katchouk Yegor Chinakhov 40 1 2 2
PowerPlay Defense
Defense Defense Time % Phy DF OF
1 Ty Smith Callan Foote 60 1 2 2
2 Ronald Attard Cam Dineen 40 1 2 2
Penalty Kill 4 Players Forward
Center Wing Time % Phy DF OF
1 Luke Kunin Nils Hoglander 60 1 2 2
2 Cody Glass Boris Katchouk 40 1 2 2
Penalty Kill 4 Players Defense
Defense Defense Time % Phy DF OF
1 Ty Smith Callan Foote 60 1 2 2
2 Ronald Attard Cam Dineen 40 1 2 2
Penalty Kill - 3 Players Forward
Forward Time % Phy DF OF
1 Luke Kunin 60 1 2 2
2 Nils Hoglander 40 1 2 2
Penalty Kill - 3 Players Defense
Defense Defense Time % Phy DF OF
1 Ty Smith Callan Foote 60 1 2 2
2 Ronald Attard Cam Dineen 40 1 2 2
4 vs 4 Forward
Center Wing Time % Phy DF OF
1 Luke Kunin Nils Hoglander 60 1 2 2
2 Cody Glass Boris Katchouk 40 1 2 2
4 vs 4 Defense
Defense Defense Time % Phy DF OF
1 Ty Smith Callan Foote 60 1 2 2
2 Ronald Attard Cam Dineen 40 1 2 2
Last Minutes Offensive
Center Left Wing Right Wing Defense Defense
Luke Kunin Nils Hoglander Cody Glass Ty Smith Callan Foote
Last Minutes Defensive
Center Left Wing Right Wing Defense Defense
Luke Kunin Nils Hoglander Cody Glass Ty Smith Callan Foote
Goaltenders
Starting : Tuukka Rask
Backup : Isaiah Saville
Extra Forwards
Normal : Egor Sokolov, Alex Beaucage, Jakub Lauko - PP : Egor Sokolov, Alex Beaucage - PK : Jakub Lauko
Extra Defensemen
Normal : Thomas Harley, Michael Vukojevic, Xavier Bernard - PP : Thomas Harley - PK : Michael Vukojevic, Xavier Bernard
Penalty Shots
Luke Kunin, Nils Hoglander, Cody Glass, Boris Katchouk, Yegor Chinakhov
Philadelphia Phantoms
5 vs 5 Forward
Center Left Wing Right Wing Time % Phy DF OF
1 Blake Lizotte Nick Cousins Tyson Foerster 35 0 1 4
2 Jaret Anderson-Dolan Brett Murray Nathan Bastian 35 0 1 4
3 Mason Shaw Otto Koivula Alexander Holtz 20 0 3 2
4 Adam Ruzicka Brandon Duhaime Carson Meyer 10 1 3 1
5 vs 5 Defense
Defense Defense Time % Phy DF OF
1 Erik Gustafsson Casey Fitzgerald 35 0 3 2
2 Jacob Larsson William Borgen 30 0 3 2
3 Brad Hunt Noah Juulsen 25 0 3 2
4 Erik Gustafsson Casey Fitzgerald 10 0 3 2
PowerPlay Forward
Center Left Wing Right Wing Time % Phy DF OF
1 Blake Lizotte Nick Cousins Nathan Bastian 60 0 1 4
2 Jaret Anderson-Dolan Adam Ruzicka Tyson Foerster 40 0 1 4
PowerPlay Defense
Defense Defense Time % Phy DF OF
1 Erik Gustafsson Brad Hunt 60 0 1 4
2 Noah Juulsen Jacob Larsson 40 0 1 4
Penalty Kill 4 Players Forward
Center Wing Time % Phy DF OF
1 Otto Koivula Alexander Holtz 50 0 4 1
2 Mason Shaw Brandon Duhaime 50 0 4 1
Penalty Kill 4 Players Defense
Defense Defense Time % Phy DF OF
1 Casey Fitzgerald William Borgen 55 0 4 1
2 Noah Juulsen Brad Hunt 45 0 4 1
Penalty Kill - 3 Players Forward
Forward Time % Phy DF OF
1 Alexander Holtz 50 0 5 0
2 Mason Shaw 50 0 5 0
Penalty Kill - 3 Players Defense
Defense Defense Time % Phy DF OF
1 Casey Fitzgerald William Borgen 55 0 5 0
2 Noah Juulsen Brad Hunt 45 0 5 0
4 vs 4 Forward
Center Wing Time % Phy DF OF
1 Blake Lizotte Nathan Bastian 50 0 2 3
2 Nick Cousins Jaret Anderson-Dolan 50 0 2 3
4 vs 4 Defense
Defense Defense Time % Phy DF OF
1 Erik Gustafsson Casey Fitzgerald 50 0 3 2
2 Jacob Larsson William Borgen 50 0 3 2
Last Minutes Offensive
Center Left Wing Right Wing Defense Defense
Blake Lizotte Nick Cousins Nathan Bastian Erik Gustafsson Brad Hunt
Last Minutes Defensive
Center Left Wing Right Wing Defense Defense
Mason Shaw Otto Koivula Alexander Holtz Casey Fitzgerald William Borgen
Goaltenders
Starting : Connor Ingram
Backup : Dereck Baribeau
Extra Forwards
Normal : Mason Shaw, Tyson Foerster, Brett Murray - PP : Mason Shaw, Tyson Foerster - PK : Brett Murray
Extra Defensemen
Normal : Jacob Larsson, Brad Hunt, William Borgen - PP : Jacob Larsson - PK : Brad Hunt, William Borgen
Penalty Shots
Nick Cousins, Jaret Anderson-Dolan, Tyson Foerster, Erik Gustafsson, Mason Shaw
% Time on Ice - Atlantic City Gamblers
Lines # - Real PCT - Wanted PCT - Time Play
Normal Forward
1 - 32% - 40% - 16:41
2 - 33% - 30% - 17:09
3 - 25% - 20% - 13:04
4 - 11% - 10% - 5:31
Normal Defense
1 - 38% - 40% - 20:07
2 - 28% - 30% - 14:54
3 - 19% - 20% - 10:03
4 - 14% - 10% - 7:21
PP Forward
1 - 55% - 60% - 1:50
2 - 45% - 40% - 1:30
PP Defense
1 - 61% - 60% - 2:01
2 - 40% - 40% - 1:19
PK Forward
1 - 76% - 60% - 3:13
2 - 24% - 40% - 1:02
PK Defense
1 - 63% - 60% - 2:40
2 - 37% - 40% - 1:35
PK3 Forward
1 - 0% - 60%
2 - 0% - 40%
PK3 Defense
1 - 0% - 60%
2 - 0% - 40%
44 Forward
1 - 74% - 60% - 3:42
2 - 26% - 40% - 1:18
44 Defense
1 - 61% - 60% - 3:03
2 - 39% - 40% - 1:57
Last Minute Offensive - 0:00
Last Minute Defensive - 0:00
Total
Forward - 65:00
Defense - 65:00
|
% Time on Ice - Philadelphia Phantoms
Lines # - Real PCT - Wanted PCT - Time Play
Normal Forward
1 - 32% - 35% - 16:57
2 - 32% - 35% - 16:33
3 - 22% - 20% - 11:21
4 - 14% - 10% - 7:34
Normal Defense
1 - 35% - 35% - 18:25
2 - 31% - 30% - 16:13
3 - 27% - 25% - 13:58
4 - 7% - 10% - 3:49
PP Forward
1 - 57% - 60% - 2:25
2 - 43% - 40% - 1:50
PP Defense
1 - 69% - 60% - 2:57
2 - 31% - 40% - 1:18
PK Forward
1 - 42% - 50% - 1:23
2 - 59% - 50% - 1:57
PK Defense
1 - 55% - 55% - 1:50
2 - 45% - 45% - 1:30
PK3 Forward
1 - 0% - 50%
2 - 0% - 50%
PK3 Defense
1 - 0% - 55%
2 - 0% - 45%
44 Forward
1 - 47% - 50% - 2:20
2 - 53% - 50% - 2:40
44 Defense
1 - 70% - 50% - 3:29
2 - 30% - 50% - 1:31
Last Minute Offensive - 0:00
Last Minute Defensive - 0:00
Total
Forward - 65:00
Defense - 65:00
|
Play-by-Play
1st period
0:01 of 1st period - Blake Lizotte wins face-off versus Luke Kunin in neutral zone.
0:51 of 1st period - Egor Sokolov is hit by Mason Shaw and loses puck.
0:56 of 1st period - Snap shot by Mason Shaw.
0:56 of 1st period - Stopped by Tuukka Rask with a rebound.
2:46 of 1st period - Wrist shot by Egor Sokolov.
2:46 of 1st period - Stopped by Connor Ingram with a rebound.
2:48 of 1st period - Wrist shot by Alex Beaucage.
2:48 of 1st period - Goal by Alex Beaucage - Atlantic City Gamblers : 1 - Philadelphia Phantoms : 0.
2:49 of 1st period - Nathan Bastian wins face-off versus Luke Kunin in neutral zone.
2:52 of 1st period - Snap shot by Nathan Bastian.
2:52 of 1st period - Stopped by Tuukka Rask without a rebound.
2:53 of 1st period - Luke Kunin wins face-off versus Jaret Anderson-Dolan in Atlantic City Gamblers zone.
2:53 of 1st period - Luke Kunin is hit by Brett Murray.
3:01 of 1st period - Wrist shot by Nils Hoglander.
3:01 of 1st period - Deflect By Jaret Anderson-Dolan.
3:01 of 1st period - Shot Misses the Net.
3:01 of 1st period - Puck is out of play.
3:02 of 1st period - Blake Lizotte wins face-off versus Luke Kunin in Philadelphia Phantoms zone.
3:31 of 1st period - Off-side.
3:32 of 1st period - Adam Ruzicka wins face-off versus Jean-Luc Foudy in neutral zone.
4:06 of 1st period - Jakub Lauko is hit by Jaret Anderson-Dolan and loses puck.
4:42 of 1st period - Alexander Holtz is hit by Ronald Attard and loses puck.
4:47 of 1st period - Slapshot by Cody Glass.
4:47 of 1st period - Stopped by Connor Ingram without a rebound.
4:48 of 1st period - Jaret Anderson-Dolan wins face-off versus Jean-Luc Foudy in Philadelphia Phantoms zone.
4:59 of 1st period - Boris Katchouk beats up Brad Hunt.
4:59 of 1st period - Penalty to Brad Hunt for Fighting.
4:59 of 1st period - Penalty to Boris Katchouk for Fighting.
5:00 of 1st period - Blake Lizotte wins face-off versus Jean-Luc Foudy in Philadelphia Phantoms zone.
5:11 of 1st period - Off-side.
5:12 of 1st period - Jaret Anderson-Dolan wins face-off versus Luke Kunin in neutral zone.
6:11 of 1st period - Wrist shot by Mason Shaw.
6:11 of 1st period - Stopped by Tuukka Rask without a rebound.
6:12 of 1st period - Luke Kunin wins face-off versus Jaret Anderson-Dolan in Atlantic City Gamblers zone.
6:23 of 1st period - Slapshot by Nils Hoglander.
6:23 of 1st period - Stopped by Connor Ingram without a rebound.
6:24 of 1st period - Jaret Anderson-Dolan wins face-off versus Jean-Luc Foudy in Philadelphia Phantoms zone.
6:24 of 1st period - Jaret Anderson-Dolan is hit by Callan Foote.
6:34 of 1st period - Snap shot by Nathan Bastian.
6:34 of 1st period - Deflect By Jaret Anderson-Dolan.
6:34 of 1st period - Goal by Jaret Anderson-Dolan - Atlantic City Gamblers : 1 - Philadelphia Phantoms : 1.
6:35 of 1st period - Blake Lizotte wins face-off versus Luke Kunin in neutral zone.
6:52 of 1st period - Off-side.
6:53 of 1st period - Jaret Anderson-Dolan wins face-off versus Yegor Chinakhov in neutral zone.
7:02 of 1st period - Minor Penalty to Brett Murray for Roughing.
7:03 of 1st period - Luke Kunin wins face-off versus Alexander Holtz in Philadelphia Phantoms zone.
7:29 of 1st period - William Borgen is hit by Yegor Chinakhov.
7:46 of 1st period - Icing by Ty Smith.
7:47 of 1st period - Jean-Luc Foudy wins face-off versus Mason Shaw in Atlantic City Gamblers zone.
7:47 of 1st period - Jean-Luc Foudy is hit by Brandon Duhaime.
9:02 of 1st period - Penalty to Brett Murray is over, Brett Murray is back on ice.
9:09 of 1st period - Brett Murray is hit by Alex Beaucage.
9:25 of 1st period - Slapshot by Blake Lizotte.
9:25 of 1st period - Stopped by Tuukka Rask without a rebound.
9:26 of 1st period - Jakub Lauko wins face-off versus Jaret Anderson-Dolan in Atlantic City Gamblers zone.
9:33 of 1st period - Nathan Bastian is hit by Alex Beaucage and loses puck.
9:48 of 1st period - Minor Penalty to Michael Vukojevic for Slashing.
9:49 of 1st period - Blake Lizotte wins face-off versus Luke Kunin in Atlantic City Gamblers zone.
9:58 of 1st period - Callan Foote is hit by Nathan Bastian.
9:59 of 1st period - Penalty to Boris Katchouk is over, Boris Katchouk is back on ice.
10:26 of 1st period - Snap shot by Erik Gustafsson.
10:26 of 1st period - Shot Blocked by Ronald Attard.
10:55 of 1st period - Icing by Erik Gustafsson.
10:56 of 1st period - Jakub Lauko wins face-off versus Blake Lizotte in Philadelphia Phantoms zone.
11:48 of 1st period - Penalty to Michael Vukojevic is over, Michael Vukojevic is back on ice.
11:57 of 1st period - Wrist shot by Yegor Chinakhov.
11:57 of 1st period - Shot Misses the Net.
12:09 of 1st period - Snap shot by Adam Ruzicka.
12:09 of 1st period - Shot Misses the Net.
14:17 of 1st period - Ty Smith is hit by Carson Meyer.
14:44 of 1st period - Ronald Attard is hit by Nathan Bastian and loses puck.
14:53 of 1st period - Egor Sokolov is hit by Jaret Anderson-Dolan and loses puck.
15:14 of 1st period - Layton Ahac is hit by Adam Ruzicka and loses puck.
15:49 of 1st period - Snap shot by Nick Cousins.
15:49 of 1st period - Goal by Nick Cousins - Atlantic City Gamblers : 1 - Philadelphia Phantoms : 2.
15:50 of 1st period - Jakub Lauko wins face-off versus Blake Lizotte in neutral zone.
16:15 of 1st period - Nathan Bastian is hit by Luke Kunin and loses puck.
16:20 of 1st period - Wrist shot by Nils Hoglander.
16:20 of 1st period - Stopped by Connor Ingram with a rebound.
16:22 of 1st period - Snap shot by Luke Kunin.
16:22 of 1st period - Shot Blocked by Casey Fitzgerald.
16:24 of 1st period - Wrist shot by Ronald Attard.
16:24 of 1st period - Shot Blocked by Brett Murray.
16:40 of 1st period - Erik Gustafsson is hit by Yegor Chinakhov and loses puck.
17:11 of 1st period - Slapshot by Nick Cousins.
17:11 of 1st period - Stopped by Tuukka Rask with a rebound.
17:29 of 1st period - Slapshot by Nathan Bastian.
17:29 of 1st period - Shot Misses the Net.
17:31 of 1st period - Wrist shot by Nathan Bastian.
17:31 of 1st period - Shot Misses the Net.
17:33 of 1st period - Snap shot by Nathan Bastian.
17:33 of 1st period - Shot Blocked by Callan Foote.
17:47 of 1st period - Backhand shot by Yegor Chinakhov.
17:47 of 1st period - Stopped by Connor Ingram with a rebound.
18:27 of 1st period - Snap shot by Nathan Bastian.
18:27 of 1st period - Stopped by Tuukka Rask without a rebound.
18:28 of 1st period - Jaret Anderson-Dolan wins face-off versus Luke Kunin in Atlantic City Gamblers zone.
18:33 of 1st period - Slapshot by Brett Murray.
18:33 of 1st period - Shot Misses the Net.
18:39 of 1st period - Erik Gustafsson is hit by Ronald Attard and loses puck.
18:50 of 1st period - Wrist shot by Egor Sokolov.
18:50 of 1st period - Stopped by Connor Ingram with a rebound.
18:52 of 1st period - Slapshot by Layton Ahac.
18:52 of 1st period - Shot Misses the Net.
18:54 of 1st period - Slapshot by Layton Ahac.
18:54 of 1st period - Shot Misses the Net.
18:56 of 1st period - Slapshot by Egor Sokolov.
18:56 of 1st period - Stopped by Connor Ingram without a rebound.
18:57 of 1st period - Egor Sokolov wins face-off versus Blake Lizotte in Philadelphia Phantoms zone.
19:08 of 1st period - Snap shot by Blake Lizotte.
19:08 of 1st period - Stopped by Tuukka Rask with a rebound.
19:10 of 1st period - Snap shot by Brad Hunt.
19:10 of 1st period - Stopped by Tuukka Rask with a rebound.
19:28 of 1st period - Wrist shot by Alexander Holtz.
19:28 of 1st period - Shot Misses the Net.
19:30 of 1st period - Snap shot by Casey Fitzgerald.
19:30 of 1st period - Shot Blocked by Jean-Luc Foudy.
19:32 of 1st period - Slapshot by Erik Gustafsson.
19:32 of 1st period - Stopped by Tuukka Rask without a rebound.
19:33 of 1st period - Luke Kunin wins face-off versus Blake Lizotte in Atlantic City Gamblers zone.
Goals for this period are 1 for Atlantic City Gamblers vs 2 for Philadelphia Phantoms.
Shots for this period are 8 for Atlantic City Gamblers vs 11 for Philadelphia Phantoms.
2nd period
0:01 of 2nd period - Blake Lizotte wins face-off versus Luke Kunin in neutral zone.
0:14 of 2nd period - Wrist shot by Nils Hoglander.
0:14 of 2nd period - Stopped by Connor Ingram without a rebound.
0:15 of 2nd period - Jaret Anderson-Dolan wins face-off versus Luke Kunin in Philadelphia Phantoms zone.
0:30 of 2nd period - Snap shot by Nils Hoglander.
0:30 of 2nd period - Stopped by Connor Ingram without a rebound.
0:31 of 2nd period - Blake Lizotte wins face-off versus Jean-Luc Foudy in Philadelphia Phantoms zone.
1:25 of 2nd period - Egor Sokolov is hit by Mason Shaw and loses puck.
2:26 of 2nd period - Cody Glass is hit by Brett Murray and loses puck.
2:47 of 2nd period - Boris Katchouk is hit by Otto Koivula and loses puck.
3:00 of 2nd period - Wrist shot by Brandon Duhaime.
3:00 of 2nd period - Shot Misses the Net.
3:02 of 2nd period - Slapshot by Erik Gustafsson.
3:02 of 2nd period - Deflect By Brandon Duhaime.
3:02 of 2nd period - Stopped by Tuukka Rask with a rebound.
3:04 of 2nd period - Snap shot by Brandon Duhaime.
3:04 of 2nd period - Deflect By Carson Meyer.
3:04 of 2nd period - Stopped by Tuukka Rask with a rebound.
3:06 of 2nd period - Slapshot by Erik Gustafsson.
3:06 of 2nd period - Stopped by Tuukka Rask with a rebound.
3:08 of 2nd period - Slapshot by Erik Gustafsson.
3:08 of 2nd period - Shot Misses the Net.
3:41 of 2nd period - Minor Penalty to Mason Shaw for Tripping.
3:42 of 2nd period - Luke Kunin wins face-off versus Brett Murray in Philadelphia Phantoms zone.
3:43 of 2nd period - Wrist shot by Nils Hoglander.
3:43 of 2nd period - Shot Misses the Net.
3:45 of 2nd period - Snap shot by Callan Foote.
3:45 of 2nd period - Stopped by Connor Ingram without a rebound.
3:46 of 2nd period - Luke Kunin wins face-off versus Brett Murray in Philadelphia Phantoms zone.
3:57 of 2nd period - Wrist shot by Nils Hoglander.
3:57 of 2nd period - Deflect By Cody Glass.
3:57 of 2nd period - Shot Blocked by Brandon Duhaime.
3:57 of 2nd period - Puck is out of play.
3:58 of 2nd period - Luke Kunin wins face-off versus Otto Koivula in Philadelphia Phantoms zone.
4:30 of 2nd period - Wrist shot by Boris Katchouk.
4:30 of 2nd period - Stopped by Connor Ingram without a rebound.
4:31 of 2nd period - Otto Koivula wins face-off versus Jean-Luc Foudy in Philadelphia Phantoms zone.
4:46 of 2nd period - Snap shot by Boris Katchouk.
4:46 of 2nd period - Shot Misses the Net.
5:02 of 2nd period - Snap shot by Cody Glass.
5:02 of 2nd period - Goal by Cody Glass - Atlantic City Gamblers : 2 - Philadelphia Phantoms : 2.
5:03 of 2nd period - Jaret Anderson-Dolan wins face-off versus Luke Kunin in neutral zone.
5:10 of 2nd period - Slapshot by Callan Foote.
5:10 of 2nd period - Shot Misses the Net.
5:16 of 2nd period - Snap shot by Erik Gustafsson.
5:16 of 2nd period - Stopped by Tuukka Rask with a rebound.
5:18 of 2nd period - Snap shot by Brett Murray.
5:18 of 2nd period - Stopped by Tuukka Rask with a rebound.
5:28 of 2nd period - Nick Cousins is hit by Ty Smith and loses puck.
5:34 of 2nd period - Minor Penalty to Boris Katchouk for Tripping.
5:35 of 2nd period - Blake Lizotte wins face-off versus Luke Kunin in Atlantic City Gamblers zone.
5:39 of 2nd period - Wrist shot by Blake Lizotte.
5:39 of 2nd period - Shot Blocked by Callan Foote.
5:41 of 2nd period - Snap shot by Brad Hunt.
5:41 of 2nd period - Stopped by Tuukka Rask with a rebound.
7:34 of 2nd period - Penalty to Boris Katchouk is over, Boris Katchouk is back on ice.
7:38 of 2nd period - Boris Katchouk is hit by Otto Koivula.
7:46 of 2nd period - Callan Foote is hit by Erik Gustafsson and loses puck.
8:11 of 2nd period - Jaret Anderson-Dolan is hit by Yegor Chinakhov and loses puck.
9:06 of 2nd period - Nick Cousins is hit by Egor Sokolov and loses puck.
9:33 of 2nd period - Casey Fitzgerald is hit by Ty Smith and loses puck.
10:48 of 2nd period - Alex Beaucage is hit by Noah Juulsen and loses puck.
11:05 of 2nd period - Boris Katchouk is hit by Noah Juulsen and loses puck.
11:16 of 2nd period - Cam Dineen is hit by Otto Koivula and loses puck.
12:08 of 2nd period - Cody Glass is hit by Tyson Foerster and loses puck.
12:24 of 2nd period - Icing by Casey Fitzgerald.
12:25 of 2nd period - Jaret Anderson-Dolan wins face-off versus Luke Kunin in Philadelphia Phantoms zone.
12:36 of 2nd period - Jean-Luc Foudy is hit by Casey Fitzgerald and loses puck.
13:27 of 2nd period - Carson Meyer is hit by Egor Sokolov and loses puck.
13:43 of 2nd period - Luke Kunin is hit by William Borgen and loses puck.
14:09 of 2nd period - Alex Beaucage is hit by Mason Shaw and loses puck.
14:22 of 2nd period - Snap shot by Yegor Chinakhov.
14:22 of 2nd period - Deflect By Boris Katchouk.
14:22 of 2nd period - Stopped by Connor Ingram without a rebound.
14:23 of 2nd period - Jaret Anderson-Dolan wins face-off versus Jean-Luc Foudy in Philadelphia Phantoms zone.
14:29 of 2nd period - Minor Penalty to Boris Katchouk for Hooking.
14:30 of 2nd period - Nils Hoglander wins face-off versus Blake Lizotte in Atlantic City Gamblers zone.
14:30 of 2nd period - Nils Hoglander is hit by Brad Hunt.
14:46 of 2nd period - Snap shot by Nathan Bastian.
14:46 of 2nd period - Goal by Nathan Bastian - Atlantic City Gamblers : 2 - Philadelphia Phantoms : 3.
14:47 of 2nd period - Luke Kunin wins face-off versus Jaret Anderson-Dolan in neutral zone.
15:00 of 2nd period - Wrist shot by Luke Kunin.
15:00 of 2nd period - Stopped by Connor Ingram with a rebound.
15:02 of 2nd period - Slapshot by Callan Foote.
15:02 of 2nd period - Shot Misses the Net.
15:32 of 2nd period - Slapshot by Egor Sokolov.
15:32 of 2nd period - Deflect By Jakub Lauko.
15:32 of 2nd period - Stopped by Connor Ingram without a rebound.
15:33 of 2nd period - Jaret Anderson-Dolan wins face-off versus Jakub Lauko in Philadelphia Phantoms zone.
15:58 of 2nd period - Backhand shot by Cody Glass.
15:58 of 2nd period - Shot Misses the Net.
16:00 of 2nd period - Snap shot by Luke Kunin.
16:00 of 2nd period - Shot Misses the Net.
16:02 of 2nd period - Snap shot by Ty Smith.
16:02 of 2nd period - Shot Misses the Net.
16:04 of 2nd period - Slapshot by Cody Glass.
16:04 of 2nd period - Stopped by Connor Ingram without a rebound.
16:05 of 2nd period - Blake Lizotte wins face-off versus Luke Kunin in Philadelphia Phantoms zone.
16:54 of 2nd period - Snap shot by Alexander Holtz.
16:54 of 2nd period - Stopped by Tuukka Rask with a rebound.
16:56 of 2nd period - Backhand shot by Jacob Larsson.
16:56 of 2nd period - Stopped by Tuukka Rask without a rebound.
16:57 of 2nd period - Jakub Lauko wins face-off versus Blake Lizotte in Atlantic City Gamblers zone.
17:13 of 2nd period - Snap shot by Nick Cousins.
17:13 of 2nd period - Shot Misses the Net.
17:23 of 2nd period - Brett Murray is hit by Nils Hoglander and loses puck.
17:34 of 2nd period - Cody Glass is hit by Noah Juulsen and loses puck.
17:49 of 2nd period - Slapshot by Ronald Attard.
17:49 of 2nd period - Stopped by Connor Ingram with a rebound.
17:51 of 2nd period - Slapshot by Cam Dineen.
17:51 of 2nd period - Shot Misses the Net.
18:11 of 2nd period - Snap shot by Egor Sokolov.
18:11 of 2nd period - Shot Blocked by Noah Juulsen.
19:14 of 2nd period - Slapshot by Brad Hunt.
19:14 of 2nd period - Deflect By Blake Lizotte.
19:14 of 2nd period - Shot Misses the Net.
19:14 of 2nd period - Puck is out of play.
19:15 of 2nd period - Jakub Lauko wins face-off versus Tyson Foerster in Atlantic City Gamblers zone.
19:24 of 2nd period - Snap shot by Egor Sokolov.
19:24 of 2nd period - Shot Misses the Net.
19:59 of 2nd period - Slapshot by Erik Gustafsson.
19:59 of 2nd period - Shot Blocked by Boris Katchouk.
Goals for this period are 1 for Atlantic City Gamblers vs 1 for Philadelphia Phantoms.
Shots for this period are 10 for Atlantic City Gamblers vs 9 for Philadelphia Phantoms.
3rd period
0:01 of 3rd period - Blake Lizotte wins face-off versus Luke Kunin in neutral zone.
0:12 of 3rd period - Snap shot by Blake Lizotte.
0:12 of 3rd period - Stopped by Tuukka Rask without a rebound.
0:13 of 3rd period - Jaret Anderson-Dolan wins face-off versus Luke Kunin in Atlantic City Gamblers zone.
0:24 of 3rd period - Snap shot by Cody Glass.
0:24 of 3rd period - Stopped by Connor Ingram with a rebound.
0:42 of 3rd period - Off-side.
0:43 of 3rd period - Jean-Luc Foudy wins face-off versus Mason Shaw in neutral zone.
0:55 of 3rd period - Wrist shot by Alexander Holtz.
0:55 of 3rd period - Stopped by Tuukka Rask with a rebound.
1:23 of 3rd period - Wrist shot by Boris Katchouk.
1:23 of 3rd period - Shot Misses the Net.
1:25 of 3rd period - Wrist shot by Jean-Luc Foudy.
1:25 of 3rd period - Stopped by Connor Ingram without a rebound.
1:26 of 3rd period - Blake Lizotte wins face-off versus Nils Hoglander in Philadelphia Phantoms zone.
1:48 of 3rd period - Icing by Callan Foote.
1:49 of 3rd period - Luke Kunin wins face-off versus Jaret Anderson-Dolan in Atlantic City Gamblers zone.
1:49 of 3rd period - Luke Kunin is hit by Brett Murray.
1:59 of 3rd period - Snap shot by Jaret Anderson-Dolan.
1:59 of 3rd period - Shot Misses the Net.
2:01 of 3rd period - Snap shot by Brett Murray.
2:01 of 3rd period - Deflect By Jaret Anderson-Dolan.
2:01 of 3rd period - Stopped by Tuukka Rask without a rebound.
2:02 of 3rd period - Blake Lizotte wins face-off versus Luke Kunin in Atlantic City Gamblers zone.
2:07 of 3rd period - Wrist shot by Nick Cousins.
2:07 of 3rd period - Shot Misses the Net.
2:21 of 3rd period - Ronald Attard is hit by Casey Fitzgerald and loses puck.
2:56 of 3rd period - Mason Shaw is hit by Jakub Lauko and loses puck.
3:01 of 3rd period - Wrist shot by Jakub Lauko.
3:01 of 3rd period - Stopped by Connor Ingram with a rebound.
3:03 of 3rd period - Snap shot by Jakub Lauko.
3:03 of 3rd period - Shot Blocked by Mason Shaw.
3:05 of 3rd period - Snap shot by Ty Smith.
3:05 of 3rd period - Shot Misses the Net.
3:17 of 3rd period - Snap shot by Adam Ruzicka.
3:17 of 3rd period - Shot Blocked by Michael Vukojevic.
3:55 of 3rd period - Backhand shot by Yegor Chinakhov.
3:55 of 3rd period - Shot Misses the Net.
4:09 of 3rd period - Wrist shot by Brandon Duhaime.
4:09 of 3rd period - Deflect By Yegor Chinakhov.
4:09 of 3rd period - Shot Misses the Net.
4:09 of 3rd period - Puck is out of play.
4:10 of 3rd period - Adam Ruzicka wins face-off versus Yegor Chinakhov in Atlantic City Gamblers zone.
4:19 of 3rd period - Slapshot by Ty Smith.
4:19 of 3rd period - Shot Misses the Net.
4:21 of 3rd period - Wrist shot by Boris Katchouk.
4:21 of 3rd period - Shot Misses the Net.
5:25 of 3rd period - Icing by Noah Juulsen.
5:26 of 3rd period - Mason Shaw wins face-off versus Luke Kunin in Philadelphia Phantoms zone.
5:31 of 3rd period - Slapshot by Brad Hunt.
5:31 of 3rd period - Stopped by Tuukka Rask without a rebound.
5:32 of 3rd period - Luke Kunin wins face-off versus Jaret Anderson-Dolan in Atlantic City Gamblers zone.
5:32 of 3rd period - Luke Kunin is hit by Nathan Bastian.
5:42 of 3rd period - Snap shot by Brett Murray.
5:42 of 3rd period - Shot Misses the Net.
5:44 of 3rd period - Slapshot by William Borgen.
5:44 of 3rd period - Deflect By Jaret Anderson-Dolan.
5:44 of 3rd period - Shot Blocked by Nick Henry.
5:44 of 3rd period - Puck is out of play.
5:45 of 3rd period - Blake Lizotte wins face-off versus Luke Kunin in Atlantic City Gamblers zone.
6:01 of 3rd period - Wrist shot by Blake Lizotte.
6:01 of 3rd period - Stopped by Tuukka Rask without a rebound.
6:02 of 3rd period - Jaret Anderson-Dolan wins face-off versus Yegor Chinakhov in Atlantic City Gamblers zone.
6:03 of 3rd period - Snap shot by Nathan Bastian.
6:03 of 3rd period - Shot Blocked by Cam Dineen.
6:26 of 3rd period - Icing by Casey Fitzgerald.
6:27 of 3rd period - Jaret Anderson-Dolan wins face-off versus Luke Kunin in Philadelphia Phantoms zone.
6:41 of 3rd period - Off-side.
6:42 of 3rd period - Luke Kunin wins face-off versus Jaret Anderson-Dolan in neutral zone.
7:08 of 3rd period - William Borgen is hit by Callan Foote and loses puck.
7:27 of 3rd period - Slapshot by Adam Ruzicka.
7:27 of 3rd period - Shot Blocked by Callan Foote.
7:29 of 3rd period - Wrist shot by Carson Meyer.
7:29 of 3rd period - Stopped by Tuukka Rask without a rebound.
7:30 of 3rd period - Luke Kunin wins face-off versus Adam Ruzicka in Atlantic City Gamblers zone.
7:30 of 3rd period - Luke Kunin is hit by Brandon Duhaime.
7:44 of 3rd period - Slapshot by Brandon Duhaime.
7:44 of 3rd period - Shot Blocked by Ronald Attard.
7:46 of 3rd period - Snap shot by Brad Hunt.
7:46 of 3rd period - Deflect By Ronald Attard.
7:46 of 3rd period - Stopped by Tuukka Rask with a rebound.
8:20 of 3rd period - Icing by Boris Katchouk.
8:21 of 3rd period - Jaret Anderson-Dolan wins face-off versus Jean-Luc Foudy in Atlantic City Gamblers zone.
8:48 of 3rd period - Ronald Attard is hit by Tyson Foerster and loses puck.
8:58 of 3rd period - Off-side.
8:59 of 3rd period - Mason Shaw wins face-off versus Luke Kunin in neutral zone.
9:24 of 3rd period - Wrist shot by Erik Gustafsson.
9:24 of 3rd period - Shot Misses the Net.
10:30 of 3rd period - Slapshot by Boris Katchouk.
10:30 of 3rd period - Stopped by Connor Ingram with a rebound.
10:32 of 3rd period - Wrist shot by Jean-Luc Foudy.
10:32 of 3rd period - Goal by Jean-Luc Foudy - Atlantic City Gamblers : 3 - Philadelphia Phantoms : 3.
10:33 of 3rd period - Luke Kunin wins face-off versus Jaret Anderson-Dolan in neutral zone.
10:42 of 3rd period - Snap shot by Cody Glass.
10:42 of 3rd period - Stopped by Connor Ingram with a rebound.
11:02 of 3rd period - Wrist shot by Boris Katchouk.
11:02 of 3rd period - Shot Blocked by Nick Cousins.
12:12 of 3rd period - Wrist shot by Nathan Bastian.
12:12 of 3rd period - Shot Misses the Net.
12:14 of 3rd period - Slapshot by Brad Hunt.
12:14 of 3rd period - Shot Blocked by Callan Foote.
12:16 of 3rd period - Slapshot by Brad Hunt.
12:16 of 3rd period - Stopped by Tuukka Rask without a rebound.
12:17 of 3rd period - Jakub Lauko wins face-off versus Blake Lizotte in Atlantic City Gamblers zone.
12:45 of 3rd period - Jaret Anderson-Dolan is hit by Callan Foote and loses puck.
13:09 of 3rd period - Snap shot by Alexander Holtz.
13:09 of 3rd period - Stopped by Tuukka Rask with a rebound.
13:11 of 3rd period - Wrist shot by Alexander Holtz.
13:11 of 3rd period - Stopped by Tuukka Rask without a rebound.
13:12 of 3rd period - Otto Koivula wins face-off versus Jean-Luc Foudy in Atlantic City Gamblers zone.
14:39 of 3rd period - Slapshot by Luke Kunin.
14:39 of 3rd period - Shot Blocked by Mason Shaw.
14:51 of 3rd period - Snap shot by Alex Beaucage.
14:51 of 3rd period - Stopped by Connor Ingram with a rebound.
15:19 of 3rd period - Jaret Anderson-Dolan is hit by Yegor Chinakhov and loses puck.
16:03 of 3rd period - Ronald Attard is hit by Adam Ruzicka and loses puck.
16:16 of 3rd period - Wrist shot by Nick Cousins.
16:16 of 3rd period - Shot Misses the Net.
16:18 of 3rd period - Slapshot by Blake Lizotte.
16:18 of 3rd period - Shot Misses the Net.
16:20 of 3rd period - Wrist shot by Noah Juulsen.
16:20 of 3rd period - Stopped by Tuukka Rask with a rebound.
16:22 of 3rd period - Snap shot by Nick Cousins.
16:22 of 3rd period - Shot Blocked by Boris Katchouk.
16:32 of 3rd period - Cam Dineen is hit by Nathan Bastian and loses puck.
16:39 of 3rd period - Yegor Chinakhov is hit by Nathan Bastian and loses puck.
16:48 of 3rd period - Noah Juulsen is hit by Jean-Luc Foudy and loses puck.
17:01 of 3rd period - Slapshot by Jean-Luc Foudy.
17:01 of 3rd period - Shot Blocked by Brett Murray.
17:11 of 3rd period - Wrist shot by Boris Katchouk.
17:11 of 3rd period - Shot Misses the Net.
17:13 of 3rd period - Wrist shot by Yegor Chinakhov.
17:13 of 3rd period - Stopped by Connor Ingram without a rebound.
17:14 of 3rd period - Luke Kunin wins face-off versus Mason Shaw in Philadelphia Phantoms zone.
19:02 of 3rd period - Jakub Lauko is hit by Noah Juulsen and loses puck.
Goals for this period are 1 for Atlantic City Gamblers vs 0 for Philadelphia Phantoms.
Shots for this period are 8 for Atlantic City Gamblers vs 11 for Philadelphia Phantoms.
Overtime #1
0:01 of 1st overtime period - Blake Lizotte wins face-off versus Luke Kunin in neutral zone.
0:03 of 1st overtime period - Off-side.
0:04 of 1st overtime period - Blake Lizotte wins face-off versus Luke Kunin in neutral zone.
0:13 of 1st overtime period - Erik Gustafsson is hit by Luke Kunin and loses puck.
0:20 of 1st overtime period - Slapshot by Casey Fitzgerald.
0:20 of 1st overtime period - Shot Blocked by Callan Foote.
0:40 of 1st overtime period - Callan Foote is hit by Jaret Anderson-Dolan and loses puck.
0:57 of 1st overtime period - Wrist shot by Boris Katchouk.
0:57 of 1st overtime period - Shot Misses the Net.
0:59 of 1st overtime period - Backhand shot by Cam Dineen.
0:59 of 1st overtime period - Deflect By Boris Katchouk.
0:59 of 1st overtime period - Shot Misses the Net.
0:59 of 1st overtime period - Puck is out of play.
1:00 of 1st overtime period - Luke Kunin wins face-off versus Nick Cousins in Philadelphia Phantoms zone.
1:15 of 1st overtime period - Wrist shot by Nathan Bastian.
1:15 of 1st overtime period - Shot Blocked by Boris Katchouk.
1:44 of 1st overtime period - William Borgen is hit by Callan Foote and loses puck.
2:07 of 1st overtime period - Slapshot by Jakub Lauko.
2:07 of 1st overtime period - Shot Blocked by Jaret Anderson-Dolan.
2:09 of 1st overtime period - Snap shot by Egor Sokolov.
2:09 of 1st overtime period - Shot Misses the Net.
2:47 of 1st overtime period - Nathan Bastian is hit by Alex Beaucage and loses puck.
4:48 of 1st overtime period - Slapshot by Erik Gustafsson.
4:48 of 1st overtime period - Shot Blocked by Egor Sokolov.
Goals for this period are 0 for Atlantic City Gamblers vs 0 for Philadelphia Phantoms.
Shots for this period are 0 for Atlantic City Gamblers vs 0 for Philadelphia Phantoms.
ShootOut
5:00 of 1st overtime period - Round #1.
5:00 of 1st overtime period - Atlantic City Gamblers, Luke Kunin.
5:00 of 1st overtime period - Deke by Luke Kunin.
5:00 of 1st overtime period - Stopped by Connor Ingram.
5:00 of 1st overtime period - Philadelphia Phantoms, Nick Cousins.
5:00 of 1st overtime period - Wrist shot by Nick Cousins.
5:00 of 1st overtime period - Stopped by Tuukka Rask.
5:00 of 1st overtime period - Round #2.
5:00 of 1st overtime period - Atlantic City Gamblers, Nils Hoglander.
5:00 of 1st overtime period - Snap shot by Nils Hoglander.
5:00 of 1st overtime period - Stopped by Connor Ingram.
5:00 of 1st overtime period - Philadelphia Phantoms, Jaret Anderson-Dolan.
5:00 of 1st overtime period - Deke by Jaret Anderson-Dolan.
5:00 of 1st overtime period - Shot Misses the Net.
5:00 of 1st overtime period - Round #3.
5:00 of 1st overtime period - Atlantic City Gamblers, Cody Glass.
5:00 of 1st overtime period - Backhand shot by Cody Glass.
5:00 of 1st overtime period - Goal by Cody Glass.
5:00 of 1st overtime period - Philadelphia Phantoms, Tyson Foerster.
5:00 of 1st overtime period - Deke by Tyson Foerster.
5:00 of 1st overtime period - Goal by Tyson Foerster.
5:00 of 1st overtime period - Round #4.
5:00 of 1st overtime period - Atlantic City Gamblers, Boris Katchouk.
5:00 of 1st overtime period - Wrist shot by Boris Katchouk.
5:00 of 1st overtime period - Stopped by Connor Ingram.
5:00 of 1st overtime period - Philadelphia Phantoms, Erik Gustafsson.
5:00 of 1st overtime period - Snap shot by Erik Gustafsson.
5:00 of 1st overtime period - Shot Misses the Net.
5:00 of 1st overtime period - Round #5.
5:00 of 1st overtime period - Atlantic City Gamblers, Yegor Chinakhov.
5:00 of 1st overtime period - Deke by Yegor Chinakhov.
5:00 of 1st overtime period - Stopped by Connor Ingram.
5:00 of 1st overtime period - Philadelphia Phantoms, Mason Shaw.
5:00 of 1st overtime period - Wrist shot by Mason Shaw.
5:00 of 1st overtime period - Stopped by Tuukka Rask.
5:00 of 1st overtime period - Round #6.
5:00 of 1st overtime period - Atlantic City Gamblers, Jean-Luc Foudy.
5:00 of 1st overtime period - Wrist shot by Jean-Luc Foudy.
5:00 of 1st overtime period - Goal by Jean-Luc Foudy.
5:00 of 1st overtime period - Philadelphia Phantoms, Jacob Larsson.
5:00 of 1st overtime period - Wrist shot by Jacob Larsson.
5:00 of 1st overtime period - Goal by Jacob Larsson.
5:00 of 1st overtime period - Round #7.
5:00 of 1st overtime period - Atlantic City Gamblers, Alex Beaucage.
5:00 of 1st overtime period - Backhand shot by Alex Beaucage.
5:00 of 1st overtime period - Stopped by Connor Ingram.
5:00 of 1st overtime period - Philadelphia Phantoms, Brad Hunt.
5:00 of 1st overtime period - Snap shot by Brad Hunt.
5:00 of 1st overtime period - Stopped by Tuukka Rask.
5:00 of 1st overtime period - Round #8.
5:00 of 1st overtime period - Atlantic City Gamblers, Jakub Lauko.
5:00 of 1st overtime period - Backhand shot by Jakub Lauko.
5:00 of 1st overtime period - Shot Misses the Net.
5:00 of 1st overtime period - Philadelphia Phantoms, Blake Lizotte.
5:00 of 1st overtime period - Snap shot by Blake Lizotte.
5:00 of 1st overtime period - Shot Misses the Net.
5:00 of 1st overtime period - Round #9.
5:00 of 1st overtime period - Atlantic City Gamblers, Nick Henry.
5:00 of 1st overtime period - Snap shot by Nick Henry.
5:00 of 1st overtime period - Shot Misses the Net.
5:00 of 1st overtime period - Philadelphia Phantoms, Nathan Bastian.
5:00 of 1st overtime period - Snap shot by Nathan Bastian.
5:00 of 1st overtime period - Stopped by Tuukka Rask.
5:00 of 1st overtime period - Round #10.
5:00 of 1st overtime period - Atlantic City Gamblers, Michael Vukojevic.
5:00 of 1st overtime period - Snap shot by Michael Vukojevic.
5:00 of 1st overtime period - Shot Misses the Net.
5:00 of 1st overtime period - Philadelphia Phantoms, Brandon Duhaime.
5:00 of 1st overtime period - Snap shot by Brandon Duhaime.
5:00 of 1st overtime period - Goal by Brandon Duhaime.
Back to the Top